 Dungeon Crawl Stone Soup version 0.19-a0-1878-gcbc8a98 (webtiles) character file.

163 roflturtle the Changer (level 5, 0/40 HPs)
             Began as a Demigod Transmuter on Oct 14, 2016.
             Slain by Eustachio
             ... wielding a +0 rapier
              (7 damage)
             ... on level 4 of the Dungeon.
             The game lasted 00:26:32 (3484 turns).

roflturtle the Changer (Demigod Transmuter)         Turns: 3484, Time: 00:26:33

Health: 0/40       AC:  2    Str: 13      XL:     5   Next: 0%
Magic:  6/10       EV: 21    Int: 17      God:
Gold:   195        SH:  0    Dex: 21 (23) Spells: 3 memorised, 2 levels left

rFire  . . .     SeeInvis .       - Unarmed
rCold  . . .     Gourm    .     (armour currently unavailable)
rNeg   . . .     Faith    .     (shield currently unavailable)
rPois  .         Spirit   .     (helmet currently unavailable)
rElec  .         Dismiss  .     (cloak currently unavailable)
rCorr  .         Reflect  .     (gloves currently unavailable)
MR     .....     Harm     .     (boots currently unavailable)
Stlth  ++........               (no amulet)
                                l - ring of poison resistance
                                t - +1 ring of evasion

@: spider-form
A: high mp 1
a: End Transformation


You were on level 4 of the Dungeon.
You were near starving.
You were a venomous arachnid creature.
You visited 1 branch of the dungeon, and saw 4 of its levels.

You collected 195 gold pieces.

Inventory:

Hand Weapons
 q - a cursed -1 hand axe (melded)
Missiles
 a - 48 arrows
Armour
 b - a +1 robe (melded)
Jewellery
 l - a ring of poison resistance (right front leg)
 n - a cursed ring of teleportation {unknown}
 t - a +1 ring of evasion (left front leg)
Wands
 u - a wand of digging (10/24)
 y - a wand of digging (13/24)
 A - a wand of flame (17/48)
Scrolls
 r - a scroll of recharging
 x - a scroll of teleportation
Potions
 e - a potion of invisibility
 f - a potion of berserk rage {unknown}
 g - 2 potions of curing
 j - a potion of beneficial mutation {unknown}
 k - 2 potions of brilliance
 m - a potion of heal wounds {unknown}
 o - a potion of mutation {unknown}
 p - a potion of might {unknown}
 s - a potion of agility {unknown}
 v - a potion of lignification {unknown}
 z - a potion of cure mutation {unknown}
 B - a potion of degeneration {unknown}
Books
 c - a book of Changes

   Spells                             Type                      Level
   a - Beastly Appendage              Transmutation                1
   b - Sticks to Snakes               Transmutation                2
   c - Spider Form                    Transmutation/Poison         3
   d - Ice Form                       Ice/Transmutation            4
   e - Blade Hands                    Transmutation                5
Comestibles
 d - 4 bread rations
 h - 2 slices of pizza
 i - 5 meat rations
 w - 4 fruits


   Skills:
 - Level 1.1 Fighting
 - Level 2.0 Dodging
 - Level 3.0 Unarmed Combat
 - Level 2.0 Spellcasting
 + Level 3.7 Transmutations
 - Level 2.1 Poison Magic


You had 2 spell levels left.
You knew the following spells:

 Your Spells              Type           Power        Failure   Level  Hunger
a - Beastly Appendage     Tmut           ##....       14%         1    #......
b - Sticks to Snakes      Tmut           ##......     24%         2    ###....
c - Spider Form           Tmut/Pois      ##........   41%         3    ###....


Dungeon Overview and Level Annotations

Branches:
Dungeon (4/15)
 Temple: D:4-7

Annotations:
D:4 Eustachio


Innate Abilities, Weirdness & Mutations

You have an increased reservoir of magic. (+10% MP)


Message History

Eustachio twirls his moustache.
Eustachio misses you. The quasit misses you. x3
You closely miss Eustachio.
Eustachio is moderately wounded.
The bat hits you. Eustachio barely misses you. The quasit misses you.
The quasit closely misses you. The quasit barely misses you.
You hit Eustachio but do no damage.
Eustachio is moderately wounded.
The bat misses you. The bat hits you but does no damage.
The quasit bites you but does no damage.
The quasit misses you. The quasit completely misses you.
Eustachio hits you with a rapier!
* * * LOW HITPOINT WARNING * * *
You hit Eustachio.
Eustachio is moderately wounded.
The bat hits you but does no damage. The quasit barely misses you.
The quasit misses you.
The quasit claws you but does no damage.
Eustachio hits you with a rapier!
You die...

#...# #.##.# .# #...#
#.##.##.## # #...#
#........###.# #...#
####(.##.#.......
##...####)((.)...........
.........)##.............
....5.......#.#(.........
..........#.#.#5#........
##5..####.....55s........
......# ###.#..@..b#.....
.......# .......#.## ####
#.....##.##.##......
#....### #.....#.##.#
####.##... .. #.#####. .
..#


You could see Eustachio, 2 iron imps, a quasit and a bat.

Vanquished Creatures
  An orc wizard (D:4)
  5 adders
  3 oozes
  A worm (D:2)
  A dart slug (D:2)
  A leopard gecko (D:3)
  4 orcs (D:4)
  A ball python (D:3)
  4 bats
  3 giant cockroaches
  6 goblins
  11 hobgoblins
  10 jackals (D:1)
  6 kobolds
  2 frilled lizards
  7 rats
66 creatures vanquished.

Notes
Turn   | Place    | Note
-------+----------+-------------------------------------------
     0 | D:1      | roflturtle the Demigod Transmuter began the quest for the Orb.
     0 | D:1      | Reached XP level 1. HP: 15/15 MP: 5/5
    26 | D:1      | Reached skill level 1 in Fighting
   133 | D:1      | Reached XP level 2. HP: 12/23 MP: 7/7
   192 | D:1      | Learned a level 2 spell: Sticks to Snakes
   876 | D:1      | Reached XP level 3. HP: 14/28 MP: 6/8
  1182 | D:1      | Learned a level 3 spell: Spider Form
  1194 | D:2      | Found a shattered altar of Ashenzari.
  1270 | D:2      | Found a glowing golden altar of the Shining One.
  1332 | D:2      | HP: 1/28 [poisoned by an adder]
  1853 | D:2      | Reached skill level 1 in Poison Magic
  2466 | D:2      | Reached XP level 4. HP: 30/35 MP: 7/9
  3237 | D:4      | Found a blossoming altar of Fedhas.
  3423 | D:4      | Noticed Eustachio
  3446 | D:4      | Reached XP level 5. HP: 34/40 MP: 8/10
  3484 | D:4      | Slain by Eustachio

Vault maps used:
D:1:      lightli_arrival_quake
D:2:      minmay_wonky_spiral, tso_metal_star, ashenzari_altar_1,
          minmay_misc_feat_five, hex_medium
D:4:      kennysheep_little_box, first_bread, uniq_eustachio, uniq_duvessa,
          uniq_menkaure

Skill      XL: |  1  2  3  4 |
---------------+-------------+-----
Fighting       | 1 |  1.1
Dodging        | 2 |  2.0
Unarmed Combat | 3 |  3.0
Spellcasting   | 2 |  2.0
Transmutations | 2 3 |  3.7
Poison Magic   | 1 2 |  2.1

Action                   |  1- 3 |  4- 6 || total
-------------------------+-------+-------++-------
Melee: Unarmed           |   154 |    85 ||   239
       Headbutt          |    20 |     6 ||    26
       Kick              |    12 |     2 ||    14
       Punch             |     4 |     1 ||     5
       Hand axe          |       |    26 ||    26
 Cast: Beastly Appendage |    25 |     6 ||    31
       Spider Form       |       |     6 ||     6
 Abil: End Transformatio |       |     1 ||     1
  Use: Scroll            |     2 |    10 ||    12
  Eat: Chunk             |     5 |     3 ||     8
Armor: Robe              |    27 |     9 ||    36
       Skin              |       |    21 ||    21
Dodge: Dodged            |    78 |   222 ||   300
